 Dungeon Crawl Stone Soup version 0.22-a0-422-g9628fc8 (webtiles) character file.

151 Gorglomux the Shield-Bearer (level 5, -6/49 HPs)
             Began as a Deep Dwarf Fighter on May 20, 2018.
             Mangled by an ogre
             ... wielding a cursed -3 giant spiked club
              (13 damage)
             ... on level 4 of the Dungeon.
             The game lasted 00:01:17 (597 turns).

Gorglomux the Shield-Bearer (Deep Dwarf Fighter)     Turns: 597, Time: 00:01:18

Health: -6/49      AC:  7    Str: 21    XL:     5   Next: 10%
Magic:  5/5        EV:  7    Int:  8    God:
Gold:   51         SH:  9    Dex: 12    Spells: 4/4 levels left

rFire    . . .     SeeInvis .   a - +0 war axe
rCold    . . .     Gourm    .   c - +0 shield
rNeg     . . .     Faith    .   b - +0 scale mail
rPois    .         Spirit   .   (no helmet)
rElec    .         Reflect  .   (no cloak)
rCorr    .         Harm     .   (no gloves)
MR       .....                  (no boots)
Stlth    ..........             (no amulet)
HPRegen  0.00/turn              (no ring)
MPRegen  0.09/turn              (no ring)

@: non-regenerating
A: damage resistance, heal wounds, sense surroundings 1, no regeneration
a: Heal Wounds


You were on level 4 of the Dungeon.
You were not hungry.

You visited 1 branch of the dungeon, and saw 4 of its levels.

You collected 51 gold pieces.

Inventory:

Hand Weapons
 a - a +0 war axe (weapon)
Armour
 b - a +0 scale mail (worn)
 c - a +0 shield (worn)
Jewellery
 F - an uncursed ring of flight {unknown}
Wands
 A - a wand of acid (7)
 E - a wand of enslavement (8)
Scrolls
 h - a scroll of remove curse {unknown}
 j - a scroll of identify {unknown}
Potions
 d - a potion of might
 i - a potion of curing {unknown}
 G - a potion of haste {unknown}
Comestibles
 f - 3 rations
 g - 13 chunks of flesh


   Skills:
 + Level 3.5 Fighting
 + Level 3.4 Axes
 + Level 4.2 Armour
 + Level 4.3 Shields


You had 4 spell levels left.
You didn't know any spells.
Your spell library was empty.

Dungeon Overview and Level Annotations

Branches:
Dungeon (4/15)
 Temple: D:4-7

Altars:

Annotations:
D:4 Pikel, Robin


Innate Abilities, Weirdness & Mutations

You are resistant to damage.
You can heal yourself by infusing magical energy.
You passively map a small area around you.
You do not regenerate.


Message History

You cut the slave into ribbons!!!
You annihilate the slave!!!
Butt felt strangely unrewarding!
You cut Pikel but do no damage!
The ogre hits you with a giant spiked club!!! * * * don't die
* * * Pikel hits you but does no damage!
You butt too injured to fight recklessly!!!
You dice the ogre like an onion!
The ogre is severely wounded!
You barely miss Pikel! The ogre barely misses you!
Pikel hits you with a whip of freezing! Pikel freezes you!
Robin roars a battlecry!!!
The hobgoblin goes into a battle-frenzy!!!
Butt hits you but does no damage!
You are too injured to fight recklessly!!!
You dice the ogre like an onion!
The ogre is almost dead!
You cut Pikel into ribbons!
The ogre hits you with a giant spiked club!!! rip

,, * * ...≈#, *
*#...≈# ,** ,
,....≈#, * ,, * ≈
, ...≈≈# , * ,
pp≈≈# , ≈ .≈≈ , ,
, ####p###... ,
*#<@Oggg.... ,
.......†[K#r#####
.......#### #
*....##. , ** ,,
...,*## *,, .. ,
, , # * , , , **
, *,,, , , , , ,


You could see Pikel, an ogre, a slave, Robin, a quokka and 2 hobgoblins.

Vanquished Creatures
  A slave (D:4)
  Ijyb (D:3)
  Terence (D:1)
  4 gnolls
  2 adders (D:3)
  An adder skeleton (D:4)
  A leopard gecko (D:1)
  An orc (D:3)
  2 ball pythons
  12 goblins
  5 hobgoblins
  3 jackals (D:3)
  2 frilled lizards
  3 kobolds
  2 rats (D:2)
41 creatures vanquished.

Notes
Turn   | Place    | Note
-------+----------+-------------------------------------------
     0 | D:1      | Gorglomux the Deep Dwarf Fighter began the quest for the Orb.
     0 | D:1      | Reached XP level 1. HP: 20/20 MP: 1/1
    61 | D:1      | Reached XP level 2. HP: 27/27 MP: 2/2
   122 | D:1      | Reached skill level 3 in Fighting
   148 | D:2      | Noticed Terence
   169 | D:1      | Killed Terence
   169 | D:1      | Reached XP level 3. HP: 20/34 MP: 3/3
   179 | D:2      | Reached skill level 3 in Axes
   179 | D:2      | Reached XP level 4. HP: 23/42 MP: 4/4
   292 | D:3      | Noticed Ijyb
   336 | D:3      | Killed Ijyb
   571 | D:4      | Noticed Robin
   574 | D:4      | Noticed Pikel
   574 | D:4      | Noticed a slave
   574 | D:4      | Noticed a slave
   574 | D:4      | Noticed a slave
   575 | D:4      | Noticed a slave
   576 | D:4      | Reached XP level 5. HP: 38/49 MP: 5/5
   578 | D:4      | Noticed an ogre
   595 | D:4      | Killed a slave
   597 | D:4      | Mangled by an ogre

Vault maps used:
D:1:      dpeg_arrival_rooms_a
D:2:      first_ration, uniq_natasha, uniq_terence
D:3:      uniq_ijyb
D:4:      kennysheep_potato, uniq_pikel, uniq_robin, uniq_blork_the_orc

Skill      XL: |  1  2  3  4 |
---------------+-------------+-----
Fighting       | 3 |  3.5
Axes           | 3 |  3.4
Armour         | 4 |  4.2
Shields        | 4 |  4.3

Action                   |  1- 3 |  4- 6 || total
-------------------------+-------+-------++-------
Melee: War axe           |    43 |    98 ||   141
 Abil: Heal Wounds       |     1 |     4 ||     5
Armor: Scale mail        |    16 |    38 ||    54
Dodge: Dodged            |    17 |    37 ||    54
Block: Shield            |    38 |    65 ||   103

Table legend:
 A = Spawn XP
 B = Non-spawn XP
 C = Spawn XP percentage of total XP
 D = Spawn monster count
 E = Non-spawn monster count
 F = Spawn count percentage of total count
 G = Total turns spent on level
                    A         B        C        D         E        F      G
               +---------+---------+-------+---------+---------+-------+---------
         Total |       0 |     216 |   0.0 |       0 |      40 |   0.0 |   597
               +---------+---------+-------+---------+---------+-------+---------
           D:1 |       0 |      69 |   0.0 |       0 |      12 |   0.0 |   146
           D:2 |       0 |      50 |   0.0 |       0 |       9 |   0.0 |   137
           D:3 |       0 |      74 |   0.0 |       0 |       9 |   0.0 |   287
           D:4 |       0 |      23 |   0.0 |       0 |      10 |   0.0 |    27
               +---------+---------+-------+---------+---------+-------+---------
